 Dungeon Crawl Stone Soup version 0.21.1-1-g345015f (console) character file.

3 Goblin1989 the Insei (level 1, -2/15 HPs)
             Began as a Demonspawn Transmuter on Mar 28, 2018.
             Slain by a gnoll
             ... wielding a +0 spear
              (3 damage)
             ... on level 1 of the Dungeon.
             The game lasted 00:00:46 (69 turns).

Goblin1989 the Insei (Demonspawn Transmuter)          Turns: 69, Time: 00:00:47

Health: -2/15      AC:  2    Str: 10    XL:     1   Next: 41%
Magic:  2/3        EV: 12    Int: 14    God:
Gold:   15         SH:  0    Dex: 13    Spells: 3/4 levels left

rFire    . . .     SeeInvis .     - Unarmed
rCold    . . .     Gourm    .   (no shield)
rNeg     . . .     Faith    .   b - +0 robe
rPois    .         Spirit   .   (no helmet)
rElec    .         Reflect  .   (no cloak)
rCorr    .         Harm     .   (no gloves)
MR       .....                  (boots currently unavailable)
Stlth    +.........             (no amulet)
HPRegen  0.05/turn              (no ring)
MPRegen  0.08/turn              (no ring)

@: appendage (expiring)
A: talons 3
a: End Transformation


You were on level 1 of the Dungeon.
You were not hungry.
You had grown temporary talons.
You visited 1 branch of the dungeon, and saw 1 of its levels.

You collected 15 gold pieces.

Inventory:

Missiles
 a - 12 arrows
Armour
 b - a +0 robe (worn)
Books
 c - a book of Changes

   Spells                             Type                      Level
   a - Beastly Appendage              Transmutation                1
   b - Sticks to Snakes               Transmutation                2
   c - Spider Form                    Transmutation/Poison         3
   d - Ice Form                       Ice/Transmutation            4
   e - Blade Hands                    Transmutation                5
Comestibles
 e - a ration


   Skills:
 - Level 1.0 Fighting
 - Level 1.7 Dodging
 + Level 2.9 Unarmed Combat
 - Level 2.0 Spellcasting
 - Level 1.7 Transmutations


You had 3 spell levels left.
You knew the following spells:

 Your Spells              Type           Power        Failure   Level  Hunger
a - Beastly Appendage     Tmut           #.....       12%         1    ##.....


Dungeon Overview and Level Annotations

Branches:
Dungeon (1/15)

Altars:


Innate Abilities, Weirdness & Mutations

You have claws for feet.


Message History

e - a ration You become a battlemage!
Welcome, Goblin1989 the Demonspawn Transmuter.
The bosom of this dungeon contains the fabled artefact, the Orb of Zot.
Press ? for a list of commands and other information.
Found a staircase leading out of the dungeon.
You now have 15 gold pieces.
You open the gate.
There is an open gate here.
A dart slug comes into view.
Casting: Beastly Appendage
Confirm with . or Enter, or press ? or * to list all spells.
Your feet morph into talons.
You now have 2/3 mp.
You hit the dart slug. You claw the dart slug.
The dart slug is moderately wounded.
The dart slug launches a dart at you. The slug dart misses you.
You hit the dart slug. You claw the dart slug.
The dart slug is severely wounded.
You hit the dart slug.
You kill the dart slug!
Your transformation is almost over.
Unknown command.
Magic restored.
A gnoll comes into view. It is wielding a spear.
Your talons disappear.
MP restored: 3 Unknown command.
Unknown command.
The gnoll shouts!
A bat comes into view.
Press: ? - help, v - describe, . - travel The floor.
Unknown command.
Press: ? - help, v - describe, . - travel
Here: a gnoll, wielding a spear The floor.
Unknown command.
Unknown command.
The bat hits you.
You take 1 damage, and have 14/15 hp.
The bat hits you but does no damage. The bat hits you but does no damage.
The bat hits you.
You take 1 damage, and have 13/15 hp.
The bat hits you.
You take 1 damage, and have 12/15 hp.
The bat hits you but does no damage.
Casting: Beastly Appendage
Confirm with . or Enter, or press ? or * to list all spells.
Your feet morph into talons.
The bat barely misses you.
You now have 2/3 mp.
The bat hits you.
You take 1 damage, and have 12/15 hp.
The bat barely misses you. x2
You miss the bat. The bat hits you but does no damage.
You hit the bat.
You kill the bat!
The gnoll barely misses you. The gnoll hits you with a spear!
* * * LOW HITPOINT WARNING * * *
You take 7 damage, and have 5/15 hp.
MASSIVE DAMAGE!!
You barely miss the gnoll. You punch the gnoll, but do no damage.
Your transformation is almost over.
The gnoll hits you with a spear.
* * * LOW HITPOINT WARNING * * *
You take 4 damage, and have 1/15 hp.
MASSIVE DAMAGE!!
You barely miss the gnoll. You hit the gnoll. You claw the gnoll.
The gnoll is severely wounded.
The gnoll hits you with a spear.
You die...

...[█...█...█
██████.█.██.....██
█.........█.....█
█.......█.██...██
.█..████...██...█
......g.....█...█
....███████.█∆∆∆█
. █.█...█ █g@..██


██████ You could see a gnoll.

Vanquished Creatures
  A dart slug (D:1)
  A bat (D:1)
2 creatures vanquished.

Notes
Turn   | Place    | Note
-------+----------+-------------------------------------------
     0 | D:1      | Goblin1989 the Demonspawn Transmuter began the quest for the Orb.
     0 | D:1      | Reached XP level 1. HP: 15/15 MP: 3/3
    69 | D:1      | Slain by a gnoll

Action                   || total
-------------------------++-------
Melee: Unarmed           ||     8
       Kick              ||     4
       Punch             ||     1
 Cast: Beastly Appendage ||     2
Armor: Robe              ||     4
Dodge: Dodged            ||     5

Vault maps used:
D:1:      lemuel_arrival_funnel
